[ PARTIDA AOE2 · #477635335 ]
Team RMHunos vs Italians
[ ANÁLISIS DE REPETICIÓN · EXTRAÍDO DE LA PARTIDA GRABADA ]
Feudal
—
Castillos
—
Imperial
—
| APM promedio | 33.5 |
| APM pico | 60 |
| eAPM promedio | 16.3 |
| Aldeanos / militares | 106 / 66 |
Foco
⚔️ 30.9% · 🌾 69.1%
Skirmisher ×30 · Cavalry Archer ×13 · Scout Cavalry ×10 · Tarkan ×7 · Knight ×6
Feudal
12:41
Castillos
24:12
Imperial
—
| APM promedio | 38.5 |
| APM pico | 81 |
| eAPM promedio | 19.0 |
| Aldeanos / militares | 79 / 84 |
Foco
⚔️ 37.7% · 🌾 62.3%
Hand Cannoneer ×25 · Skirmisher ×21 · Spearman ×14 · Monk ×12 · Archer ×6 · Battering Ram ×6
Feudal
—
Castillos
—
Imperial
—
| APM promedio | 16.3 |
| APM pico | 30 |
| eAPM promedio | 11.7 |
| Aldeanos / militares | 98 / 166 |
Foco
⚔️ 24.9% · 🌾 75.1%
Skirmisher ×92 · Leitis ×37 · Knight ×32 · Spearman ×4 · Trebuchet (Packed) ×1
Feudal
12:32
Castillos
19:03
Imperial
41:30
| APM promedio | 24.3 |
| APM pico | 47 |
| eAPM promedio | 15.1 |
| Aldeanos / militares | 111 / 119 |
Foco
⚔️ 20.0% · 🌾 80.0%
Genoese Crossbowman ×63 · Scout Cavalry ×40 · Battering Ram ×8 · Trebuchet (Packed) ×4 · Spearman ×2 · Monk ×1
Mapa de la partida
Recursos al inicio + cada clic de construcción. Línea gruesa = muro · recuadro discontinuo = muro de casas detectado. 🟡 oro · ⚪ piedra · 🟢 bayas · 🔶 jabalí · ⭕ reliquia
Inputs por minuto
— mchill37 - - executable
Build order — mchill37
Primeras 150 de 262 acciones detectadas
| 0:52 | Construir | Town Center |
| 2:52 | Crear | Villager (Male) |
| 2:53 | Crear | Villager (Male) |
| 2:53 | Crear | Villager (Male) |
| 2:53 | Crear | Villager (Male) |
| 4:38 | Crear | Villager (Male) |
| 5:14 | Crear | Villager (Male) |
| 5:14 | Crear | Villager (Male) |
| 5:14 | Crear | Villager (Male) |
| 5:40 | Crear | Villager (Male) |
| 6:22 | Construir | Mill |
| 6:31 | Crear | Villager (Male) |
| 6:35 | Crear | Villager (Male) |
| 6:57 | Crear | Villager (Male) |
| 7:27 | Crear | Villager (Male) |
| 7:46 | Crear | Villager (Male) |
| 8:18 | Crear | Villager (Male) |
| 8:39 | Construir | Lumber Camp |
| 8:46 | Construir | Palisade Wall |
| 8:47 | Construir | Palisade Wall |
| 8:48 | Construir | Palisade Wall |
| 8:49 | Construir | Palisade Wall |
| 8:57 | Crear | Villager (Male) |
| 9:06 | Crear | Villager (Male) |
| 9:24 | Crear | Villager (Male) |
| 9:31 | Construir | Palisade Wall |
| 9:35 | Crear | Villager (Male) |
| 9:51 | Crear | Villager (Male) |
| 10:14 | Construir | Barracks |
| 10:27 | Crear | Villager (Male) |
| 10:37 | Crear | Villager (Male) |
| 10:56 | Crear | Villager (Male) |
| 11:03 | Investigar | Loom |
| 11:15 | Construir | Mill |
| 11:37 | Investigar | Feudal Age |
| 13:10 | Crear | Villager (Male) |
| 13:10 | Crear | Villager (Male) |
| 13:18 | Crear | Villager (Male) |
| 13:45 | Construir | Mining Camp |
| 13:51 | Construir | Stable |
| 13:58 | Construir | Blacksmith |
| 15:06 | Construir | Palisade Wall |
| 15:16 | Crear | Villager (Male) |
| 15:17 | Crear | Villager (Male) |
| 16:01 | Construir | Stable |
| 16:02 | Crear | Villager (Male) |
| 16:11 | Construir | Archery Range |
| 16:12 | Construir | Archery Range |
| 16:32 | Investigar | Castle Age |
| 16:51 | Investigar | Padded Archer Armor |
| 17:30 | Construir | Mining Camp |
| 17:35 | Crear | Scout Cavalry |
| 17:36 | Crear | Scout Cavalry |
| 17:40 | Investigar | Scale Barding Armor |
| 18:08 | Crear | Scout Cavalry |
| 18:11 | Investigar | Bloodlines |
| 18:19 | Construir | Archery Range |
| 18:56 | Construir | Archery Range |
| 19:14 | Crear | Knight |
| 19:14 | Crear | Knight |
| 19:16 | Crear | Cavalry Archer |
| 19:17 | Crear | Cavalry Archer |
| 19:23 | Crear | Villager (Male) |
| 19:52 | Construir | Farm |
| 19:52 | Construir | Farm |
| 19:52 | Construir | Farm |
| 19:54 | Crear | Skirmisher |
| 19:56 | Crear | Cavalry Archer |
| 20:17 | Crear | Villager (Male) |
| 20:22 | Crear | Cavalry Archer |
| 20:22 | Crear | Cavalry Archer |
| 20:47 | Crear | Villager (Male) |
| 20:56 | Crear | Cavalry Archer |
| 20:56 | Crear | Cavalry Archer |
| 20:56 | Crear | Villager (Male) |
| 21:16 | Construir | Farm |
| 21:37 | Construir | Lumber Camp |
| 21:41 | Crear | Villager (Male) |
| 21:43 | Crear | Cavalry Archer |
| 21:43 | Crear | Cavalry Archer |
| 22:04 | Crear | Villager (Male) |
| 22:46 | Crear | Villager (Male) |
| 23:21 | Crear | Villager (Male) |
| 23:21 | Crear | Villager (Male) |
| 23:31 | Construir | Mill |
| 23:35 | Crear | Villager (Male) |
| 23:56 | Crear | Villager (Male) |
| 24:02 | Crear | Cavalry Archer |
| 24:02 | Crear | Cavalry Archer |
| 24:03 | Crear | Villager (Male) |
| 24:35 | Crear | Villager (Male) |
| 24:58 | Crear | Villager (Male) |
| 25:06 | Crear | Villager (Male) |
| 25:07 | Crear | Villager (Male) |
| 25:19 | Construir | Town Center |
| 25:29 | Crear | Villager (Male) |
| 26:03 | Crear | Skirmisher |
| 26:03 | Crear | Skirmisher |
| 26:03 | Crear | Villager (Male) |
| 26:05 | Crear | Villager (Male) |
| 26:08 | Crear | Villager (Male) |
| 26:08 | Crear | Villager (Male) |
| 26:08 | Crear | Villager (Male) |
| 26:11 | Construir | Mining Camp |
| 26:48 | Construir | Farm |
| 27:17 | Crear | Villager (Male) |
| 27:17 | Crear | Villager (Male) |
| 27:21 | Construir | Farm |
| 27:21 | Construir | Farm |
| 27:24 | Crear | Skirmisher |
| 27:27 | Investigar | Elite Skirmisher (upgrade) |
| 27:37 | Investigar | Fletching |
| 27:43 | Crear | Villager (Male) |
| 28:06 | Construir | Farm |
| 28:07 | Crear | Villager (Male) |
| 28:11 | Crear | Skirmisher |
| 28:24 | Construir | Market |
| 28:28 | Construir | Farm |
| 28:28 | Construir | Farm |
| 28:28 | Construir | Farm |
| 28:30 | Construir | Farm |
| 28:30 | Construir | Farm |
| 28:31 | Construir | Farm |
| 28:31 | Crear | Villager (Male) |
| 29:00 | Crear | Skirmisher |
| 29:00 | Crear | Skirmisher |
| 29:39 | Crear | Villager (Male) |
| 29:39 | Crear | Villager (Male) |
| 29:45 | Crear | Villager (Male) |
| 29:53 | Crear | Knight |
| 29:53 | Crear | Knight |
| 29:59 | Construir | Town Center |
| 30:01 | Crear | Villager (Male) |
| 30:24 | Crear | Knight |
| 31:44 | Crear | Villager (Male) |
| 31:44 | Crear | Villager (Male) |
| 32:08 | Construir | Farm |
| 32:08 | Construir | Farm |
| 32:08 | Construir | Farm |
| 32:21 | Crear | Cavalry Archer |
| 32:22 | Crear | Cavalry Archer |
| 33:26 | Crear | Villager (Male) |
| 33:38 | Construir | Castle |
| 33:47 | Crear | Villager (Male) |
| 33:55 | Construir | Stable |
| 34:02 | Crear | Skirmisher |
| 34:02 | Crear | Skirmisher |
| 34:17 | Construir | Farm |
| 34:17 | Construir | Farm |
| 34:17 | Construir | Farm |
Build order — executable
Primeras 150 de 307 acciones detectadas
| 0:19 | Construir | House |
| 0:37 | Construir | Town Center |
| 2:48 | Crear | Villager (Male) |
| 3:01 | Crear | Villager (Male) |
| 3:01 | Crear | Villager (Male) |
| 3:01 | Crear | Villager (Male) |
| 3:01 | Crear | Villager (Male) |
| 3:44 | Investigar | Loom |
| 3:54 | Investigar | Loom |
| 4:32 | Investigar | Loom |
| 4:42 | Crear | Villager (Male) |
| 5:00 | Crear | Villager (Male) |
| 5:09 | Construir | House |
| 5:20 | Crear | Villager (Male) |
| 5:39 | Crear | Villager (Male) |
| 6:01 | Crear | Villager (Male) |
| 6:09 | Construir | Mill |
| 6:25 | Crear | Villager (Male) |
| 6:33 | Construir | House |
| 6:35 | Construir | Palisade Wall |
| 7:05 | Crear | Villager (Male) |
| 7:30 | Construir | House |
| 7:32 | Construir | Palisade Wall |
| 7:35 | Construir | Mining Camp |
| 7:42 | Crear | Villager (Male) |
| 8:26 | Crear | Villager (Male) |
| 8:45 | Crear | Villager (Male) |
| 9:16 | Crear | Villager (Male) |
| 9:16 | Crear | Villager (Male) |
| 9:57 | Crear | Villager (Male) |
| 10:29 | Investigar | Feudal Age |
| 10:58 | Construir | House |
| 11:00 | Construir | Palisade Wall |
| 11:05 | Construir | House |
| 11:07 | Construir | Palisade Wall |
| 11:28 | Construir | Mill |
| 11:43 | Construir | Lumber Camp |
| 11:46 | Crear | Villager (Male) |
| 12:33 | Construir | Barracks |
| 12:41 | Edad | Edad Feudal |
| 13:05 | Crear | Villager (Male) |
| 13:05 | Crear | Villager (Male) |
| 13:18 | Construir | Blacksmith |
| 13:26 | Construir | Palisade Wall |
| 13:32 | Crear | Villager (Male) |
| 13:33 | Investigar | Double-Bit Axe |
| 13:57 | Crear | Villager (Male) |
| 14:00 | Crear | Spearman |
| 14:13 | Crear | Villager (Male) |
| 14:28 | Construir | Archery Range |
| 14:47 | Crear | Spearman |
| 14:52 | Crear | Villager (Male) |
| 15:00 | Investigar | Fletching |
| 15:05 | Construir | Farm |
| 15:12 | Crear | Archer |
| 15:18 | Construir | House |
| 15:21 | Construir | Palisade Wall |
| 15:33 | Construir | Palisade Wall |
| 15:38 | Crear | Archer |
| 15:51 | Crear | Archer |
| 16:07 | Crear | Villager (Male) |
| 16:08 | Crear | Villager (Male) |
| 16:23 | Construir | Farm |
| 16:27 | Construir | Farm |
| 16:45 | Crear | Archer |
| 16:46 | Crear | Villager (Male) |
| 17:25 | Crear | Villager (Male) |
| 17:25 | Crear | Villager (Male) |
| 17:31 | Construir | Farm |
| 17:31 | Construir | Farm |
| 17:32 | Construir | Farm |
| 17:32 | Construir | Farm |
| 17:32 | Construir | Farm |
| 17:32 | Construir | Farm |
| 17:34 | Crear | Villager (Male) |
| 17:39 | Crear | Archer |
| 17:42 | Crear | Spearman |
| 18:20 | Construir | House |
| 18:22 | Construir | House |
| 18:35 | Investigar | Wheelbarrow |
| 19:24 | Crear | Villager (Male) |
| 19:24 | Crear | Villager (Male) |
| 19:42 | Construir | Farm |
| 19:42 | Construir | Farm |
| 19:43 | Construir | Farm |
| 20:43 | Construir | Farm |
| 20:44 | Construir | Farm |
| 20:53 | Crear | Villager (Male) |
| 21:12 | Construir | Archery Range |
| 21:32 | Investigar | Castle Age |
| 21:37 | Crear | Archer |
| 21:44 | Crear | Spearman |
| 23:30 | Crear | Skirmisher |
| 23:31 | Crear | Skirmisher |
| 23:34 | Investigar | Padded Archer Armor |
| 23:41 | Investigar | Horse Collar |
| 23:49 | Crear | Skirmisher |
| 23:49 | Crear | Skirmisher |
| 23:50 | Crear | Spearman |
| 23:50 | Crear | Spearman |
| 24:12 | Edad | Edad de los Castillos |
| 24:16 | Investigar | Elite Skirmisher (upgrade) |
| 24:45 | Investigar | Bodkin Arrow |
| 24:49 | Construir | House |
| 24:57 | Construir | House |
| 25:47 | Crear | Skirmisher |
| 25:48 | Crear | Skirmisher |
| 26:00 | Crear | Skirmisher |
| 26:00 | Crear | Skirmisher |
| 26:02 | Investigar | Pikeman (upgrade) |
| 26:07 | Crear | Skirmisher |
| 26:08 | Crear | Skirmisher |
| 26:19 | Construir | Palisade Wall |
| 26:55 | Construir | Town Center |
| 27:13 | Construir | Building 796 |
| 27:23 | Construir | Palisade Wall |
| 27:26 | Construir | Palisade Wall |
| 27:32 | Crear | Skirmisher |
| 27:32 | Crear | Skirmisher |
| 27:34 | Investigar | Leather Archer Armor |
| 27:39 | Crear | Villager (Male) |
| 27:39 | Crear | Villager (Male) |
| 27:51 | Construir | University |
| 28:13 | Crear | Villager (Male) |
| 28:13 | Crear | Villager (Male) |
| 28:30 | Crear | Skirmisher |
| 28:31 | Crear | Skirmisher |
| 28:35 | Construir | Farm |
| 28:38 | Investigar | Ballistics |
| 28:43 | Construir | Farm |
| 28:43 | Construir | Farm |
| 28:43 | Construir | Farm |
| 28:46 | Construir | Farm |
| 28:46 | Construir | Farm |
| 28:50 | Construir | Farm |
| 28:52 | Crear | Villager (Male) |
| 28:57 | Crear | Villager (Male) |
| 29:29 | Crear | Spearman |
| 29:29 | Crear | Spearman |
| 31:14 | Crear | Spearman |
| 31:16 | Crear | Spearman |
| 31:16 | Crear | Spearman |
| 31:16 | Crear | Spearman |
| 32:00 | Crear | Villager (Male) |
| 32:00 | Crear | Villager (Male) |
| 32:00 | Crear | Villager (Male) |
| 32:07 | Construir | Monastery |
| 32:07 | Construir | Monastery |
| 32:13 | Investigar | Scale Mail Armor |
| 32:28 | Crear | Villager (Male) |
Build order — DukeofBudge
Primeras 150 de 292 acciones detectadas
| 0:30 | Construir | Town Center |
| 2:16 | Construir | House |
| 2:22 | Construir | House |
| 2:40 | Crear | Villager (Male) ×5 |
| 2:40 | Crear | Villager (Male) ×5 |
| 4:17 | Crear | Villager (Male) |
| 4:28 | Construir | Lumber Camp |
| 5:01 | Crear | Villager (Male) |
| 5:28 | Crear | Villager (Male) |
| 5:28 | Crear | Villager (Male) |
| 6:24 | Crear | Villager (Male) |
| 6:24 | Crear | Villager (Male) |
| 6:30 | Construir | House |
| 6:51 | Crear | Villager (Male) |
| 6:51 | Crear | Villager (Male) |
| 6:52 | Crear | Villager (Male) |
| 7:05 | Construir | House |
| 7:13 | Crear | Villager (Male) |
| 7:14 | Crear | Villager (Male) |
| 7:14 | Crear | Villager (Male) |
| 7:34 | Crear | Villager (Male) |
| 8:01 | Construir | Mill |
| 8:45 | Crear | Villager (Male) |
| 8:46 | Crear | Villager (Male) |
| 9:41 | Crear | Villager (Male) |
| 9:53 | Investigar | Loom |
| 10:29 | Investigar | Feudal Age |
| 11:40 | Construir | House |
| 12:15 | Construir | Barracks |
| 12:48 | Crear | Villager (Male) |
| 12:49 | Crear | Villager (Male) |
| 12:51 | Investigar | Wheelbarrow |
| 13:04 | Investigar | Double-Bit Axe |
| 13:13 | Construir | Palisade Wall |
| 13:17 | Construir | Palisade Wall |
| 13:45 | Crear | Villager (Male) |
| 13:45 | Crear | Villager (Male) |
| 13:56 | Construir | Building 800 |
| 13:59 | Construir | Palisade Wall |
| 14:02 | Construir | Palisade Wall |
| 14:14 | Crear | Villager (Male) |
| 14:16 | Crear | Spearman ×4 |
| 15:00 | Construir | Mining Camp |
| 15:05 | Crear | Villager (Male) |
| 15:54 | Construir | Blacksmith |
| 15:58 | Crear | Villager (Male) |
| 16:15 | Investigar | Town Watch |
| 16:18 | Construir | House |
| 16:26 | Construir | Palisade Wall |
| 16:29 | Construir | Palisade Wall |
| 16:33 | Construir | House |
| 16:43 | Crear | Villager (Male) |
| 16:45 | Crear | Villager (Male) |
| 17:05 | Construir | Stable |
| 17:45 | Investigar | Castle Age |
| 17:51 | Construir | Farm |
| 17:51 | Construir | Farm |
| 17:52 | Construir | Farm |
| 17:52 | Construir | Farm |
| 17:53 | Construir | Farm |
| 17:53 | Construir | Farm |
| 17:53 | Construir | Farm |
| 17:53 | Construir | Farm |
| 17:54 | Construir | Farm |
| 17:54 | Construir | Farm |
| 17:54 | Construir | Farm |
| 17:55 | Construir | Farm |
| 17:55 | Construir | Farm |
| 17:56 | Construir | Farm |
| 17:56 | Construir | Farm |
| 17:56 | Construir | Farm |
| 18:07 | Construir | Farm |
| 18:23 | Construir | Mining Camp |
| 18:38 | Construir | Farm |
| 18:39 | Construir | Farm |
| 18:52 | Construir | Palisade Wall |
| 18:57 | Construir | Palisade Wall |
| 19:02 | Construir | Palisade Gate |
| 19:19 | Construir | Palisade Wall |
| 19:29 | Construir | Farm |
| 19:29 | Construir | Farm |
| 19:30 | Construir | Farm |
| 19:30 | Construir | Farm |
| 19:30 | Construir | Farm |
| 19:31 | Construir | Farm |
| 19:37 | Construir | Farm |
| 19:37 | Construir | Farm |
| 19:37 | Construir | Farm |
| 19:38 | Construir | Farm |
| 19:38 | Construir | Farm |
| 19:38 | Construir | Farm |
| 19:39 | Construir | Farm |
| 19:39 | Construir | Farm |
| 19:39 | Construir | Farm |
| 19:40 | Construir | Farm |
| 19:40 | Construir | Farm |
| 19:42 | Investigar | Scale Barding Armor |
| 19:46 | Investigar | Bloodlines |
| 19:56 | Construir | Farm |
| 20:01 | Construir | Farm |
| 20:22 | Crear | Villager (Male) |
| 20:22 | Crear | Villager (Male) |
| 20:28 | Crear | Knight ×2 |
| 20:39 | Crear | Villager (Male) |
| 20:51 | Construir | Building 804 |
| 20:57 | Construir | Farm |
| 20:57 | Construir | Farm |
| 20:58 | Construir | Farm |
| 20:58 | Construir | Farm |
| 21:06 | Crear | Knight |
| 21:17 | Construir | Farm |
| 21:29 | Construir | Farm |
| 21:38 | Construir | House |
| 21:39 | Crear | Villager (Male) |
| 21:39 | Crear | Villager (Male) |
| 21:49 | Crear | Villager (Male) |
| 21:50 | Crear | Villager (Male) |
| 21:55 | Construir | Farm |
| 22:24 | Crear | Villager (Male) |
| 22:29 | Construir | Farm |
| 22:29 | Construir | Farm |
| 22:30 | Construir | Farm |
| 22:30 | Construir | Farm |
| 22:30 | Construir | Farm |
| 22:33 | Crear | Villager (Male) |
| 22:59 | Crear | Villager (Male) |
| 23:05 | Construir | House |
| 23:07 | Construir | House |
| 23:12 | Construir | House |
| 23:25 | Construir | Castle |
| 23:33 | Crear | Villager (Male) |
| 23:34 | Crear | Villager (Male) |
| 23:41 | Construir | Farm |
| 23:41 | Construir | Farm |
| 23:42 | Construir | Farm |
| 24:09 | Crear | Knight ×4 |
| 24:29 | Crear | Villager (Male) |
| 24:31 | Crear | Villager (Male) |
| 25:40 | Crear | Villager (Male) |
| 25:41 | Crear | Villager (Male) |
| 25:52 | Construir | Town Center |
| 25:54 | Crear | Villager (Male) |
| 26:18 | Investigar | Chain Barding Armor |
| 26:20 | Crear | Villager (Male) |
| 26:22 | Crear | Villager (Male) |
| 26:39 | Crear | Leitis |
| 26:49 | Construir | Archery Range |
| 27:07 | Crear | Villager (Male) |
| 27:07 | Crear | Villager (Male) |
| 27:09 | Crear | Villager (Male) |
Build order — [LHS] | yinzerito
Primeras 150 de 318 acciones detectadas
| 0:26 | Construir | Town Center |
| 1:16 | Construir | House |
| 2:29 | Crear | Villager (Male) ×4 |
| 3:27 | Crear | Villager (Male) |
| 3:41 | Investigar | Loom |
| 4:18 | Construir | House |
| 4:32 | Crear | Villager (Male) |
| 4:51 | Crear | Villager (Male) |
| 5:21 | Crear | Villager (Male) |
| 6:17 | Construir | Barracks |
| 6:37 | Crear | Villager (Male) |
| 6:38 | Crear | Villager (Male) |
| 6:38 | Crear | Villager (Male) |
| 6:41 | Construir | Mill |
| 6:48 | Construir | Mill |
| 6:56 | Crear | Villager (Male) |
| 6:56 | Crear | Villager (Male) |
| 7:37 | Construir | House |
| 7:40 | Crear | Villager (Male) |
| 8:15 | Crear | Villager (Male) |
| 8:56 | Crear | Villager (Male) |
| 9:03 | Construir | House |
| 9:08 | Construir | House |
| 9:09 | Crear | Villager (Male) |
| 10:12 | Investigar | Feudal Age |
| 10:20 | Construir | House |
| 10:26 | Construir | Mill |
| 11:31 | Construir | Mining Camp |
| 12:29 | Crear | Villager (Male) |
| 12:32 | Edad | Edad Feudal |
| 12:40 | Construir | Market |
| 12:42 | Crear | Villager (Male) |
| 12:58 | Crear | Spearman |
| 13:04 | Crear | Villager (Male) |
| 13:16 | Construir | Blacksmith |
| 13:22 | Crear | Villager (Male) |
| 13:33 | Crear | Villager (Male) |
| 13:46 | Crear | Villager (Male) |
| 13:50 | Construir | House |
| 14:03 | Crear | Villager (Male) |
| 14:09 | Construir | House |
| 14:26 | Construir | Lumber Camp |
| 14:49 | Construir | Palisade Wall |
| 14:54 | Construir | Palisade Wall |
| 15:09 | Crear | Villager (Male) |
| 15:54 | Construir | House |
| 15:56 | Construir | Palisade Wall |
| 16:23 | Investigar | Castle Age |
| 16:32 | Construir | House |
| 16:35 | Construir | Stone Wall |
| 16:40 | Construir | Farm |
| 16:41 | Construir | Farm |
| 17:12 | Construir | Stone Wall |
| 17:24 | Investigar | Double-Bit Axe |
| 17:29 | Crear | Spearman |
| 17:35 | Construir | Farm |
| 17:37 | Construir | Farm |
| 17:38 | Construir | Farm |
| 17:48 | Construir | Farm |
| 18:07 | Construir | Farm |
| 18:32 | Investigar | Stone Mining |
| 19:03 | Crear | Villager (Male) |
| 19:03 | Edad | Edad de los Castillos |
| 19:11 | Construir | Castle |
| 19:37 | Investigar | Bow Saw |
| 19:38 | Crear | Villager (Male) |
| 20:00 | Crear | Villager (Male) |
| 20:35 | Construir | Town Center |
| 20:37 | Crear | Villager (Male) |
| 21:01 | Crear | Villager (Male) |
| 21:14 | Crear | Villager (Male) |
| 21:25 | Construir | Monastery |
| 21:28 | Crear | Villager (Male) |
| 21:44 | Construir | Farm |
| 21:45 | Construir | Farm |
| 21:49 | Crear | Villager (Male) |
| 21:56 | Crear | Genoese Crossbowman |
| 22:15 | Construir | Farm |
| 22:20 | Crear | Villager (Male) |
| 22:20 | Crear | Villager (Male) |
| 22:27 | Construir | Outpost |
| 22:28 | Construir | Outpost |
| 22:35 | Crear | Genoese Crossbowman |
| 22:36 | Crear | Genoese Crossbowman |
| 22:42 | Construir | Farm |
| 22:42 | Crear | Villager (Male) |
| 22:55 | Crear | Villager (Male) |
| 23:05 | Crear | Genoese Crossbowman |
| 23:29 | Construir | Town Center |
| 23:33 | Crear | Villager (Male) ×2 |
| 23:38 | Construir | Outpost |
| 23:53 | Crear | Villager (Male) |
| 23:55 | Crear | Monk |
| 23:58 | Crear | Villager (Male) |
| 24:11 | Crear | Villager (Male) |
| 24:17 | Crear | Genoese Crossbowman |
| 24:17 | Crear | Genoese Crossbowman |
| 24:30 | Construir | Outpost |
| 24:43 | Investigar | Fletching |
| 25:15 | Investigar | Padded Archer Armor |
| 25:22 | Construir | Siege Workshop |
| 25:41 | Crear | Villager (Male) ×2 |
| 25:46 | Crear | Genoese Crossbowman ×5 |
| 26:08 | Crear | Villager (Male) |
| 26:13 | Construir | University |
| 26:16 | Crear | Villager (Male) |
| 26:27 | Crear | Genoese Crossbowman ×3 |
| 26:45 | Crear | Battering Ram |
| 26:48 | Crear | Villager (Male) |
| 26:52 | Crear | Villager (Male) |
| 26:59 | Crear | Villager (Male) |
| 27:30 | Crear | Battering Ram |
| 28:01 | Construir | Town Center |
| 28:03 | Crear | Villager (Male) |
| 28:05 | Crear | Villager (Male) |
| 28:14 | Crear | Battering Ram |
| 28:20 | Investigar | Bodkin Arrow |
| 28:24 | Crear | Villager (Male) |
| 29:17 | Crear | Villager (Male) |
| 29:18 | Crear | Villager (Male) |
| 29:21 | Construir | Mining Camp |
| 29:39 | Investigar | Ballistics |
| 29:59 | Investigar | Gold Mining |
| 30:01 | Investigar | Wheelbarrow |
| 30:08 | Crear | Villager (Male) |
| 30:13 | Crear | Villager (Male) |
| 30:18 | Construir | Farm |
| 30:19 | Construir | Farm |
| 30:19 | Construir | Farm |
| 30:20 | Construir | Farm |
| 30:26 | Investigar | Horse Collar |
| 30:42 | Crear | Genoese Crossbowman ×5 |
| 30:53 | Crear | Villager (Male) |
| 31:45 | Crear | Villager (Male) |
| 32:03 | Construir | Castle |
| 32:22 | Investigar | Heavy Plow |
| 32:25 | Construir | Farm |
| 32:26 | Construir | Farm |
| 32:26 | Construir | Farm |
| 32:27 | Construir | Farm |
| 32:28 | Construir | Farm |
| 32:29 | Crear | Villager (Male) |
| 32:31 | Investigar | Treadmill Crane |
| 32:35 | Investigar | Leather Archer Armor |
| 32:37 | Crear | Genoese Crossbowman ×4 |
| 32:46 | Crear | Villager (Male) |
| 33:02 | Crear | Battering Ram |
| 33:04 | Investigar | Forging |
| 33:05 | Crear | Villager (Male) |
| 33:08 | Crear | Villager (Male) |
Cronología de la partida
| 6:17 | [LHS] | yinzerito · first_building Barracks |
| 6:35 | executable · wall_segment Palisade Wall x3 |
| 7:32 | executable · wall_segment Palisade Wall x3 |
| 8:46 | mchill37 · wall_segment Palisade Wall x1 |
| 8:47 | mchill37 · wall_segment Palisade Wall x1 |
| 8:48 | mchill37 · wall_segment Palisade Wall x1 |
| 8:49 | mchill37 · wall_segment Palisade Wall x1 |
| 9:31 | mchill37 · wall_segment Palisade Wall x1 |
| 10:14 | mchill37 · first_building Barracks |
| 11:00 | executable · wall_segment Palisade Wall x5 |
| 11:07 | executable · wall_segment Palisade Wall x5 |
| 12:15 | DukeofBudge · first_building Barracks |
| 12:32 | [LHS] | yinzerito · age_up feudal |
| 12:33 | executable · first_building Barracks |
| 12:41 | executable · age_up feudal |
| 13:13 | DukeofBudge · wall_segment Palisade Wall x4 |
| 13:17 | DukeofBudge · wall_segment Palisade Wall x5 |
| 13:26 | executable · wall_segment Palisade Wall x4 |
| 13:51 | mchill37 · first_building Stable |
| 13:59 | DukeofBudge · wall_segment Palisade Wall x1 |
| 14:02 | DukeofBudge · wall_segment Palisade Wall x1 |
| 14:28 | executable · first_building Archery Range |
| 14:49 | [LHS] | yinzerito · wall_segment Palisade Wall x1 |
| 14:54 | [LHS] | yinzerito · wall_segment Palisade Wall x6 |
| 15:06 | mchill37 · wall_segment Palisade Wall x1 |
| 15:21 | executable · wall_segment Palisade Wall x1 |
| 15:33 | executable · wall_segment Palisade Wall x3 |
| 15:56 | [LHS] | yinzerito · wall_segment Palisade Wall x1 |
| 16:11 | mchill37 · first_building Archery Range |
| 16:26 | DukeofBudge · wall_segment Palisade Wall x1 |
| 16:29 | DukeofBudge · wall_segment Palisade Wall x1 |
| 16:35 | [LHS] | yinzerito · wall_segment Stone Wall x1 |
| 17:05 | DukeofBudge · first_building Stable |
| 17:12 | [LHS] | yinzerito · wall_segment Stone Wall x1 |
| 18:43 | [LHS] | yinzerito · first_market_sell 100 wood |
| 18:44 | [LHS] | yinzerito · first_market_buy 100 stone |
| 18:52 | DukeofBudge · wall_segment Palisade Wall x5 |
| 18:57 | DukeofBudge · wall_segment Palisade Wall x15 |
| 19:03 | [LHS] | yinzerito · age_up castle |
| 19:11 | [LHS] | yinzerito · first_building Castle |
| 19:19 | DukeofBudge · wall_segment Palisade Wall x20 |
| 21:25 | [LHS] | yinzerito · first_building Monastery |
| 23:25 | DukeofBudge · first_building Castle |
| 24:12 | executable · age_up castle |
| 25:22 | [LHS] | yinzerito · first_building Siege Workshop |
| 26:19 | executable · wall_segment Palisade Wall x1 |
| 26:49 | DukeofBudge · first_building Archery Range |
| 27:23 | executable · wall_segment Palisade Wall x1 |
| 27:26 | executable · wall_segment Palisade Wall x1 |
| 27:32 | DukeofBudge · first_building Monastery |
| 32:07 | executable · first_building Monastery |
| 33:38 | mchill37 · first_building Castle |
| 34:21 | DukeofBudge · first_market_buy 100 wood |
| 35:25 | mchill37 · first_market_buy 100 food |
| 35:46 | mchill37 · first_market_sell 100 wood |
| 36:02 | executable · first_building Castle |
| 36:52 | [LHS] | yinzerito · first_building Stable |
| 38:00 | executable · first_building Siege Workshop |
| 41:30 | [LHS] | yinzerito · age_up imperial |
| 47:33 | [LHS] | yinzerito · wall_segment Stone Wall x1 |
| 47:51 | DukeofBudge · resign |
| 47:59 | [LHS] | yinzerito · wall_segment Stone Wall x4 |
[ ANÁLISIS IA · 1 CRÉDITO ]
¿Qué pasó realmente en esta partida?
Wolo.gg analiza cada decisión: build order, eco, micro, errores típicos por bracket. Análisis personalizado por WhatsApp o Discord en 30 segundos.
Guía civ
Hunos
Guía mapa
African Clearing
Perfil
mchill37